Map: Dusk Towers

Players

capac - Winner!

  • Race: Terran Terran
  • League: Gold

A.I. 1 (Elite)

  • Race: Terran Terran

VOD

Have the link to the VOD?

Description

Time

  • Played on: March 6, 2016, 7:49 a.m.
  • Length: 12:34
Show
View Real Time Build Order
Export as new Build Order

capac Terran - Winner!

Build Orders: Bio Tank 

Get SALT Encoding   

  12  0:01  SCV  
  13  0:13  SCV  
  14  0:18  Supply Depot  
  14  0:25  SCV  
  15  0:39  SCV  
  16  0:43  Barracks  
  16  0:45  Refinery  
  16  0:54  SCV  
  17  1:06  SCV  
  18  1:18  SCV  
  19  1:31  SCV  
  20  1:37  Command Center  
  20  1:43  SCV  
  20  1:44  Barracks Reactor  
  21  1:59  Supply Depot  
  21  2:01  Orbital Command  
  21  2:27  Factory  
  21  2:29  SCV  
  22  2:36  Refinery  
  22  2:38  Marine  
  22  2:39  Marine  
  24  2:46  SCV  
  24  2:50  Orbital Command  
  25  2:56  Marine x2  
  27  3:06  SCV  
  27  3:12  Factory Tech Lab  
  28  3:14  Marine x2  
  28  3:17  Starport  
  28  3:18  SCV  
  31  3:28  Barracks  
  31  3:31  Siege Tank  
  31  3:33  SCV  
  35  3:35  SCV  
  35  3:38  Marine x2  
  38  3:44  Supply Depot  
  38  3:45  SCV  
  38  3:47  SCV  
  40  3:55  Refinery  
  40  3:57  SCV, Medivac  
  40  3:59  SCV  
  40  4:02  Marine x2  
  46  4:09  SCV  
  47  4:11  SCV  
  44  4:20  Barracks Tech Lab  
  44  4:22  Barracks  
  44  4:23  Siege Tank  
  47  4:30  SCV x2  
  49  4:34  Marine x2  
  51  4:38  Medivac  
  51  4:43  SCV  
  51  4:44  Refinery  
  54  4:48  Supply Depot  
  54  4:49  SCV  
  54  4:51  Marine  
  56  5:01  Siege Tank  
  56  5:02  Marine, SCV x2  
  62  5:09  Marine  
  63  5:14  Barracks Reactor  
  63  5:17  Starport Reactor  
  63  5:20  Marine x2, SCV x2  
  67  5:23  Stimpack  
  67  5:27  Marine  
  68  5:34  SCV x2  
  70  5:44  Supply Depot  
  70  5:45  Marine x2, Siege Tank  
  70  5:46  Supply Depot  
  73  6:22  Liberator  
  73  6:23  Liberator  
  70  6:37  Marine x4  
  70  6:38  Siege Tank  
  74  6:42  Supply Depot  
  74  6:43  Supply Depot  
  74  6:44  SCV x2  
  82  6:49  Command Center  
  82  6:54  Marine  
  83  7:02  Engineering Bay, SCV x2  
  85  7:09  Supply Depot  
  85  7:10  Supply Depot  
  85  7:12  Siege Tank  
  85  7:13  Marine x5  
  93  7:25  Medivac x2  
  93  7:28  Starport  
  98  7:30  Marine, SCV  
  98  7:31  Marine x4  
  98  7:33  Supply Depot  
  103  7:45  Terran Infantry Weapons Level 1  
  103  7:47  Siege Tank  
  106  8:13  Starport Reactor  
  106  8:17  Factory  
  106  8:25  Marine x4  
  106  8:26  Marine  
  111  8:30  Supply Depot  
  111  8:35  Combat Shields  
  111  8:38  Barracks  
  111  8:43  Marine, Orbital Command  
  111  8:46  SCV x2  
  114  8:48  Marine  
  114  8:49  Marine x3  
  114  8:52  Siege Tank  
  121  8:56  Medivac x3  
  121  8:59  Medivac  
  129  9:04  Marine  
  129  9:06  Marine x2  
  129  9:07  Marine  
  133  9:10  Marine  
  133  9:12  Supply Depot  
  133  9:13  Factory Tech Lab  
  133  9:16  Engineering Bay  
  134  9:22  Marine  
  135  9:24  Marine x3  
  135  9:28  Marine  
  139  9:31  Siege Tank  
  139  9:32  Siege Tank  
  139  9:36  Supply Depot  
  139  9:37  Barracks Reactor  
  145  9:40  Marine  
  145  9:41  SCV x2  
  145  9:42  Marine x3  
  151  9:45  Marine  
  151  9:50  Supply Depot  
  152  9:55  SCV x2  
  152  9:56  SCV  
  152  9:58  Marine  
  156  10:02  Refinery  
  156  10:05  Refinery  
  156  10:07  Liberator x2  
  156  10:13  Marine x2  
  156  10:14  Marine x2  
  160  10:22  Supply Depot, Barracks  
  160  10:23  Siege Tank x2  
  160  10:27  Terran Infantry Armor Level 1  
  172  10:31  Command Center  
  172  10:33  Marine x7  
  179  10:54  Liberator x2  
  170  11:06  Marine x3  
  170  11:07  Marine x4  
  170  11:10  Siege Tank x2  
  187  11:42  Marine x2  
  187  11:43  Marine x5, Siege Tank x2  
Show
View Real Time Build Order
Export as new Build Order

A.I. 1 (Elite) Terran 

Build Orders: MMM Bio 

Get SALT Encoding   

  12  0:00  SCV  
  13  0:13  SCV  
  14  0:19  Supply Depot  
  14  0:25  SCV  
  15  0:40  SCV  
  15  0:42  Barracks  
  16  0:47  Refinery  
  16  0:52  SCV  
  17  1:03  Barracks  
  17  1:04  SCV  
  18  1:17  SCV  
  19  1:29  Orbital Command  
  19  1:30  Marine  
  20  1:41  Barracks  
  20  1:48  Marine  
  20  1:50  Marine  
  22  1:56  Supply Depot  
  22  1:59  SCV  
  23  2:06  Barracks Tech Lab  
  23  2:08  Barracks Tech Lab  
  23  2:17  SCV  
  24  2:24  Marine  
  24  2:26  Marine, Stimpack  
  24  2:27  Concussive Shells, Marine  
  27  2:35  Supply Depot  
  27  2:42  Marine  
  28  2:44  Marine, SCV  
  28  2:45  Marine  
  31  3:01  Marauder  
  31  3:02  Marauder  
  31  3:03  Marine  
  31  3:04  Supply Depot  
  36  3:18  SCV  
  37  3:21  Marine x2  
  37  3:23  Combat Shields  
  37  3:25  Supply Depot, Marine  
  40  3:39  Marine  
  40  3:40  Marauder  
  43  3:43  Refinery  
  43  3:54  SCV  
  44  4:06  SCV  
  45  4:13  Factory  
  45  4:14  Marine x2  
  45  4:15  Marine  
  38  4:18  SCV  
  39  4:32  Marine x3  
  39  4:34  SCV  
  43  4:40  Supply Depot  
  43  4:50  Engineering Bay, Marine  
  43  4:51  Marauder, Marine  
  47  4:56  Command Center  
  47  5:00  Starport  
  47  5:08  Marauder  
  47  5:12  Marauder  
  51  5:20  Terran Infantry Weapons Level 1  
  51  5:30  Marauder  
  51  5:33  Marauder  
  55  5:37  Engineering Bay  
  55  5:40  Marine  
  56  5:51  Marine  
  56  5:55  Marauder  
  56  5:56  Supply Depot  
  59  5:58  Barracks Reactor  
  59  6:03  Terran Infantry Armor Level 1  
  59  6:08  SCV x2  
  59  6:09  Marauder  
  58  6:16  Marine  
  46  6:20  SCV  
  46  6:23  SCV  
  41  6:30  Marine  
  41  6:32  SCV  
  40  6:33  Marine  
  40  6:36  Marine  
  41  6:40  Marine  
  41  6:45  SCV  
  43  6:48  Marine, SCV  
  43  6:51  Marine  
  46  6:57  SCV  
  46  7:00  SCV  
  48  7:05  Marine  
  48  7:06  Marauder  
  51  7:09  Marine, SCV  
  51  7:12  SCV  
  54  7:21  SCV  
  55  7:24  SCV  
  55  7:27  Marauder  
  58  7:31  Marauder  
  58  7:34  SCV  
  58  7:37  SCV  
  62  7:46  SCV  
  62  7:49  SCV  
  64  7:58  Marine x2, SCV  
  65  7:59  Marauder  
  65  8:01  SCV  
  65  8:05  Factory Tech Lab  
  70  8:10  SCV  
  71  8:16  Marauder  
  71  8:17  Command Center  
  73  8:26  Siege Tank  
  76  8:35  Supply Depot  
  76  8:44  Armory  
  76  8:52  Orbital Command  
  76  8:57  Missile Turret  
  76  8:58  Siege Tank  
  79  9:08  Missile Turret  
  79  9:16  Barracks, Starport Reactor  
  79  9:25  Supply Depot, Marine  
  79  9:27  Marine  
  79  9:29  SCV  
  79  9:30  Terran Infantry Weapons Level 2, Siege Tank, SCV  
  86  9:33  SCV  
  87  9:41  SCV  
  87  9:43  SCV  
  89  9:45  SCV  
  89  9:52  Medivac  
  92  9:53  SCV  
  92  9:55  SCV  
  92  9:56  Refinery  
  92  9:57  SCV  
  95  10:02  Siege Tank  
  95  10:04  Missile Turret  
  95  10:05  SCV  
  95  10:06  Missile Turret  
  99  10:07  SCV  
  99  10:09  Medivac  
  99  10:10  SCV  
  103  10:15  Marauder  
  103  10:18  Supply Depot, SCV  
  103  10:19  SCV  
  107  10:22  SCV  
  107  10:24  Marauder  
  110  10:30  SCV  
  110  10:31  SCV  
  110  10:34  SCV  
  110  10:35  Siege Tank  
  116  10:36  Refinery  
  116  10:39  Refinery  
  116  10:42  SCV  
  117  10:43  Supply Depot, SCV  
  117  10:46  Orbital Command  
  118  10:52  Viking x2  
  118  10:56  Marine  
  114  10:58  Refinery  
  114  10:59  SCV x2  
  114  11:01  Marine x2  
  114  11:03  Marine  
  107  11:10  Marine  
  107  11:11  SCV x2  
  90  11:14  Marauder  
  92  11:23  SCV x2  
  67  11:35  SCV  
  67  11:39  SCV  
  67  11:40  Marine  
  67  11:44  Marine  
  62  11:47  SCV  
  62  11:51  SCV  
  52  11:58  Marine  
  52  11:59  SCV  
  51  12:04  SCV  
Tags
 
Composition
Bio TankMMM Bio
League
Gold
Matchup
TvT
Race
Terran
Add a new tag
Caveats
  • Supply blocks, unpowered buildings, or Contaminate may cause inaccurate times.
  • Supply counts are checked every 10 seconds.